 Dungeon Crawl Stone Soup version 0.18-a0-824-g47fe746 (webtiles) character file.

81 4thArraOfDagon the Distorting Demonspawn (level 4, -8/35 HPs)
             Began as a Demonspawn Abyssal Knight on Dec 17, 2015.
             Was a Believer of Lugonu.
             Splashed by a jelly's acid (12 damage)
             ... on level 3 of the Dungeon.
             The game lasted 00:04:10 (806 turns).

4thArraOfDagon the Distorting Demonspawn (DsAK)      Turns: 806, Time: 00:04:10

Health: -8/35      AC:  4    Str: 14    XL:     4   Next: 20%
Magic:  7/7        EV:  8    Int: 19    God:    Lugonu [**....]
Gold:   48         SH:  0    Dex: 13    Spells: 0 memorised, 3 levels left

rFire  + . .     SeeInvis .     d - +5 mace "Huut" {flame, rPois rF+ Str+2}
rCold  . . .     Gourm    .     p - +0 chain mail
rNeg   . . .     Faith    .     (no shield)
rPois  +         Spirit   .     (no helmet)
rElec  .         Dismiss  .     (no cloak)
rCorr  .         Reflect  .     (no gloves)
SustAt .         Harm     .     (no boots)
MR     .....                    (no amulet)
Stlth  ..........               (no ring)
                                (no ring)

@: confused, brilliant, corroded equipment, wreathed by umbra, not resistant to
hostile enchantments, extremely unstealthy
A: talons 2, repulsion field 1
a: Depart the Abyss, Bend Space, Renounce Religion


You were on level 3 of the Dungeon.
You worshipped Lugonu.
Lugonu was pleased with you.
You were hungry.

You visited 1 branch of the dungeon, and saw 3 of its levels.
You visited the Abyss 1 time.

You collected 48 gold pieces.

Inventory:

Hand Weapons
 a - a +1 falchion
 d - the +5 mace "Huut" (weapon) {flame, rPois rF+ Str+2}
   (You found it on level 2 of the Abyss)

   It has been specially enchanted to burn those struck by it, causing extra
   injury to most foes and up to half again as much damage against particularly
   susceptible opponents.
   It affects your strength (+2).
   It protects you from fire.
   It protects you from poison.
 m - a +0 blowgun
Missiles
 n - 8 poisoned needles
Armour
 i - a cursed +0 ring mail
 p - a +0 chain mail (worn)
Scrolls
 e - 2 scrolls of enchant weapon {unknown}
 g - a scroll of amnesia {unknown}
 h - 2 scrolls of identify {unknown}
 j - a scroll of remove curse {unknown}
Potions
 l - a potion of degeneration {unknown}
 o - a potion of haste {unknown}
Comestibles
 c - a bread ration
 f - a meat ration


   Skills:
 - Level 3.0 Fighting
 - Level 1.7 Long Blades
 * Level 2.3 Maces & Flails
 + Level 2.1 Armour
 - Level 0.8 Dodging
 * Level 4.0 Invocations


You had 3 spell levels left.
You didn't know any spells.

Dungeon Overview and Level Annotations

Branches:
Dungeon (3/15)

Altars:
Kikubaaqudgha
Yredelemnul


Innate Abilities, Weirdness & Mutations

You have razor-sharp toenails.
You are surrounded by a mild repulsion field (EV +2).


Message History

* * * LOW HITPOINT WARNING * * *
The jelly is almost dead.
The jelly hits you.
* * * LOW HITPOINT WARNING * * *
You are splashed with acid!
The acid burns!
* * * LOW HITPOINT WARNING * * *
The jelly closely misses you.
Unknown command.
Drink which item? (? for menu, Esc to quit)
It was a potion of brilliance.
You feel clever all of a sudden. The jelly closely misses you.
Unknown command.
Drink which item? (? for menu, Esc to quit)
It was a potion of ambrosia.
You are confused.
You feel invigorated. The jelly hits you.
* * * LOW HITPOINT WARNING * * *
You are splashed with acid!
The acid corrodes you!
The acid burns!
You die...

#............. #.
#.....#.##.... #..
............. #..
#.....###... ##.##
#.........
#...###########.........
#...#.§(§.§####...###...
+...'.J.._.#A##.#.###...
#...#b§@§.§####.........
#...###########.#.###...
#####J############.#.......
#........J.w.......#.####..
###.##.###.#.............#.
#+ #.# #.#.............#.
... ..#.............#.
.#.###.###w####......
..#.........# ......


You could see a profane servitor, a jelly and a bat.

Vanquished Creatures
  3 adders
  2 oozes (D:1)
  5 orcs (D:3)
  3 bats (D:2)
  A giant cockroach (D:1)
  4 hobgoblins
  5 kobolds
  A giant newt (D:1)
  11 goblins
  2 quokkas (D:2)
  5 rats (D:1)
42 creatures vanquished.

Notes
Turn   | Place    | Note
--------------------------------------------------------------
     0 | Abyss:1  | 4thArraOfDagon the Demonspawn Abyssal Knight began the quest for the Orb.
     0 | Abyss:1  | Reached XP level 1. HP: 18/18 MP: 2/2
     0 | Abyss:1  | Found a corrupted altar of Lugonu.
    20 | Abyss:2  | Got a crude mace
    21 | Abyss:2  | Identified the +5 mace "Huut" {flame, rPois rF+ Str+2} (You found it on level 2 of the Abyss)
    23 | Abyss:2  | Noticed a wretched star
    48 | Abyss:3  | Noticed a jelly
    56 | Abyss:3  | Noticed a thrashing horror
    56 | Abyss:3  | Noticed a thrashing horror
    58 | D:1      | Escaped the Abyss
   228 | D:1      | Gained mutation: You have sharp toenails. [demonic ancestry]
   228 | D:1      | Reached XP level 2. HP: 21/24 MP: 3/3
   256 | D:1      | Reached skill level 1 in Maces & Flails
   270 | D:1      | Reached * piety under Lugonu
   426 | D:1      | Gained mutation: You are surrounded by a mild repulsion field (EV +2). [demonic ancestry]
   426 | D:1      | Reached XP level 3. HP: 25/29 MP: 5/5
   448 | D:2      | Found an ancient bone altar of Kikubaaqudgha.
   656 | D:3      | Gained mutation: You have razor-sharp toenails. [demonic ancestry]
   656 | D:3      | Reached XP level 4. HP: 26/35 MP: 6/6
   658 | D:3      | Reached ** piety under Lugonu
   674 | D:3      | Reached skill level 4 in Invocations
   796 | D:3      | Found a basalt altar of Yredelemnul.
   798 | D:3      | Noticed a profane servitor
   804 | D:3      | HP: 1/35 [acid (5)]
   806 | D:3      | Splashed by a jelly's acid

Vault maps used:
D:1:      scummos_arrival_star, st_stairs_5, kennysheep_boxes
D:2:      lemuel_crystal_altar, tgw_trog
D:3:      corexii_shack_village, grunt_temple_overflow_holy_war, first_bread,
          portal_sewer_entry_b
Abyss:3:  evilmike_abyss_rune_tso_outpost

Action                   |  1- 3 |  4- 6 || total
-------------------------+-------+-------++-------
Melee: Mace              |    63 |    23 ||    86
Invok: Depart the Abyss  |     1 |       ||     1
  Use: Potion            |       |     3 ||     3
